 Dungeon Crawl Stone Soup version 0.22-a0-305-gd21a89c (webtiles) character file.

119 Amnesiac the Sneak (level 4, -4/21 HPs)
             Began as a Spriggan Enchanter on Mar 29, 2018.
             Slain by Menkaure (13 damage)
             ... on level 2 of the Dungeon.
             The game lasted 00:04:13 (2181 turns).

Amnesiac the Sneak (Spriggan Enchanter)             Turns: 2181, Time: 00:04:13

Health: -4/21      AC:  2    Str:  4    XL:     4   Next: 73%
Magic:  6/11       EV: 18    Int: 17    God:
Gold:   63         SH:  0    Dex: 16    Spells: 2/11 levels left

rFire    . . .     SeeInvis +   a - +1 dagger (venom)
rCold    . . .     Gourm    .   (shield restricted)
rNeg     . . .     Faith    .   b - +0 robe
rPois    +         Spirit   .   (helmet restricted)
rElec    .         Reflect  .   (no cloak)
rCorr    .         Harm     .   (gloves unavailable)
MR       .....                  (boots unavailable)
Stlth    +++.......             (no amulet)
HPRegen  0.07/turn              g - ring of poison resistance
MPRegen  0.12/turn              (no ring)

@: very quick
A: very small, unfitting armour, see invisible, herbivore, speed 3, slow
metabolism 2
a: no special abilities


You were on level 2 of the Dungeon.
You were hungry.

You visited 1 branch of the dungeon, and saw 2 of its levels.

You collected 63 gold pieces.

Inventory:

Hand Weapons
 a - a +1 dagger of venom (weapon)
Missiles
 h - 28 poisoned needles
Armour
 b - a +0 robe (worn)
Jewellery
 g - a ring of poison resistance (left hand)
Scrolls
 c - 3 scrolls of identify {!r, unknown}
 i - a scroll of random uselessness {!r, unknown}
 k - a scroll of fog {!r, unknown}
 l - a scroll of remove curse {!r, unknown}
 m - a scroll of magic mapping {!r, unknown}
 o - a scroll of amnesia {!r, unknown}
Potions
 e - a potion of heal wounds {!q, unknown}
 f - a potion of lignification {!q, unknown}
 j - a potion of degeneration {!q, unknown}
 n - a potion of cancellation {!q, unknown}
Comestibles
 d - 3 rations


   Skills:
 + Level 4.0 Short Blades
 - Level 3.0 Dodging
 - Level 4.4 Stealth
 - Level 4.0 Spellcasting
 - Level 4.0 Hexes


You had 2 spell levels left.
You knew the following spells:

 Your Spells              Type           Power        Failure   Level  Hunger
a - Ensorcelled Hibernat  Hex/Ice        ##....       11%         2    ##.....
b - Corona                Hex            ###....      3%          1    None
e - Confuse               Hex            ###.....     9%          3    ###....
w - Tukima's Dance        Hex            ###.....     9%          3    ###....


Dungeon Overview and Level Annotations

Branches:
Dungeon (2/15)

Altars:
Gozag
Kikubaaqudgha
Yredelemnul

Annotations:
D:2 1 transporter, Menkaure


Innate Abilities, Weirdness & Mutations

You are very small and have problems with some larger weapons.
You are too small for most types of armour.
You have supernaturally acute eyesight. (SInv)
You are a herbivore.
You cover ground extremely quickly.
You need to consume almost no food.


Message History

You hit Menkaure but do no damage.
Menkaure is severely damaged.
The bat zombie hits you but does no damage.
The bat zombie barely misses you. The shadow imp hits you.
The bat zombie closely misses you. The bat zombie barely misses you.
You hit Menkaure.
Menkaure is severely damaged.
The bat zombie completely misses you. The bat zombie closely misses you.
The shadow imp barely misses you.
You hit Menkaure.
Menkaure is severely damaged.
The bat zombie barely misses you. The bat zombie misses you.
The shadow imp completely misses you.
Menkaure closely misses the shadow imp.
The bat zombie barely misses you.
You hit Menkaure.
Menkaure is almost destroyed.
The bat zombie barely misses you.
The bat zombie hits you but does no damage.
The shadow imp hits you.
You hit Menkaure.
Menkaure is almost destroyed.
The bat zombie closely misses you. The bat zombie completely misses you.
The shadow imp closely misses you. The bat zombie barely misses you.
You hit Menkaure but do no damage.
Menkaure is almost destroyed.
The bat zombie misses you. The bat zombie barely misses you.
The shadow imp hits you.
* * * LOW HITPOINT WARNING * * *
You hit Menkaure but do no damage.
Menkaure is almost destroyed.
The bat zombie hits you but does no damage.
The bat zombie barely misses you.
Menkaure cries.
The shadow imp completely misses you. The bat zombie closely misses you.
The bat zombie completely misses you.
You hit Menkaure.
Menkaure is almost destroyed.
The bat zombie misses you. The bat zombie closely misses you.
The shadow imp hits you but does no damage.
You hit Menkaure but do no damage.
Menkaure is almost destroyed.
The bat zombie closely misses you. x2; The shadow imp completely misses you.
The bat zombie misses you.
You hit Menkaure.
Menkaure is almost destroyed.
Menkaure seems less confused.
The bat zombie completely misses you. The bat zombie barely misses you.
The shadow imp misses you. Menkaure barely misses you.
You hit Menkaure.
Menkaure is almost destroyed.
The bat zombie misses you. The bat zombie closely misses you.
The shadow imp misses you.
You barely miss Menkaure.
Menkaure is almost destroyed.
The bat zombie closely misses you. x2; Menkaure closely misses you.
You closely miss Menkaure.
Menkaure is almost destroyed.
The bat zombie hits you.
* * * LOW HITPOINT WARNING * * *
The bat zombie closely misses you. The shadow imp completely misses you.
Menkaure hits you!
Ouch! That really hurt!
You die...

#.... ..........#
#.#############.#
#.#...........#.#
#.#[..........#.#
#.#$.###.###..#.#
##.#_.#8#.#8#..#.##
##..#)..........#..##
#..©#⌠..5ZM.....#§..# ##
##...#/...@......#...# ..###
#..#.#_.#8#.#8#..#.#.#
#...###.##.#$.###.###..#...#
#.........#|..........#..##
##...###..#..........©#..#
#._.# ##†#############..#
#...# #................#
###.### #........(#####..#
....## #...............##


You could see Menkaure, a shadow imp and a bat zombie.

Vanquished Creatures
  4 gnolls (D:2)
  3 adders (D:2)
  A worm (D:2)
  4 leopard geckos
  2 ball pythons (D:1)
  6 bats
  2 giant cockroaches (D:2)
  8 goblins
  2 hobgoblins (D:1)
  7 kobolds
  3 frilled lizards
  6 rats
48 creatures vanquished.

Notes
Turn   | Place    | Note
-------+----------+-------------------------------------------
     0 | D:1      | Amnesiac the Spriggan Enchanter began the quest for the Orb.
     0 | D:1      | Reached XP level 1. HP: 9/9 MP: 5/5
   173 | D:1      | Reached XP level 2. HP: 5/13 MP: 3/7
   439 | D:1      | Learned a level 2 spell: Ensorcelled Hibernation
   896 | D:1      | Reached XP level 3. HP: 15/16 MP: 1/9
  1015 | D:1      | You fall through a shaft!
  1097 | D:2      | Learned a level 3 spell: Confuse
  1101 | D:2      | Learned a level 3 spell: Tukima's Dance
  1733 | D:2      | Reached XP level 4. HP: 13/21 MP: 1/11
  2046 | D:2      | Found an opulent altar of Gozag.
  2062 | D:2      | Found an ancient bone altar of Kikubaaqudgha.
  2074 | D:2      | Noticed Menkaure
  2075 | D:2      | Found a basalt altar of Yredelemnul.
  2093 | D:2      | Found a transporter.
  2103 | D:2      | Found a transporter.
  2181 | D:2      | Slain by Menkaure

Vault maps used:
D:1:      dpeg_arrival_castle
D:2:      gammafunk_temple_of_torment, nicolae_gozag_seed_capital, first_ration,
          kennysheep_generic_room_3

Skill      XL: |  1  2  3  4 |
---------------+-------------+-----
Spellcasting   | 3 4 |  4.0
Hexes          | 4 |  4.0
Short Blades   | 3 4 |  4.0
Dodging        | |  3.0
Stealth        | |  4.4

Action                   |  1- 3 |  4- 6 || total
-------------------------+-------+-------++-------
Melee: Dagger            |   128 |    37 ||   165
 Cast: Corona            |     5 |       ||     5
       Ensorcelled Hiber |    20 |     8 ||    28
       Confuse           |       |     2 ||     2
 Stab: Sleeping          |    18 |     3 ||    21
       Confused          |       |     1 ||     1
Armor: Robe              |    14 |     9 ||    23
Dodge: Dodged            |   113 |    62 ||   175

Table legend:
 A = Spawn XP
 B = Non-spawn XP
 C = Spawn XP percentage of total XP
 D = Spawn monster count
 E = Non-spawn monster count
 F = Spawn count percentage of total count
 G = Total turns spent on level
                    A         B        C        D         E        F      G
               +---------+---------+-------+---------+---------+-------+---------
         Total |       0 |     170 |   0.0 |       0 |      48 |   0.0 |  2181
               +---------+---------+-------+---------+---------+-------+---------
           D:1 |       0 |      44 |   0.0 |       0 |      25 |   0.0 |  1015
           D:2 |       0 |     126 |   0.0 |       0 |      23 |   0.0 |  1166
               +---------+---------+-------+---------+---------+-------+---------
